 Dungeon Crawl Stone Soup version 0.18-a0-1312-gf98331d (webtiles) character file.

835 Oracle the Ducker (level 7, -3/68 HPs)
             Began as a Troll Monk on Feb 14, 2016.
             Shot with an arrow by a centaur (14 damage)
             ... on level 5 of the Dungeon.
             The game lasted 00:08:47 (2976 turns).

Oracle the Ducker (Troll Monk)                      Turns: 2976, Time: 00:08:47

Health: -3/68      AC:  5    Str: 21    XL:     7   Next: 66%
Magic:  6/6        EV: 12    Int:  9    God:    Xom [..*...]
Gold:   138        SH:  0    Dex: 13    Spells: 0 memorised, 6 levels left

rFire  . . .     SeeInvis .       - Unarmed
rCold  . . .     Gourm    +     a - +0 robe
rNeg   . . .     Faith    .     (no shield)
rPois  .         Spirit   .     (helmet restricted)
rElec  .         Dismiss  .     (no cloak)
rCorr  .         Reflect  .     (gloves unavailable)
SustAt .         Harm     .     (boots unavailable)
MR     .....                    (no amulet)
Stlth  ++........               (no ring)
                                l - +3 ring of intelligence

@: not resistant to hostile enchantments, unstealthy
A: unfitting armour, claws 3, fast metabolism 3, gourmand, regeneration 2,
shaggy fur 1, tough skin 2
a: Renounce Religion


You were on level 5 of the Dungeon.
You worshipped Xom.
You were a toy of Xom.
You were not hungry.

You visited 1 branch of the dungeon, and saw 5 of its levels.

You collected 138 gold pieces.

Inventory:

Hand Weapons
 x - a +0 flail
Missiles
 w - 4 poisoned javelins (quivered)
Armour
 a - a +0 robe (worn)
 y - the +6 scale mail of Pyisit {-Tele rCorr Int+2, unknown}
   (You found it on level 4 of the Dungeon)

   It affects your intelligence (+2).
   It prevents most forms of teleportation.
   It protects you from acid and corrosion.
Jewellery
 l - a +3 ring of intelligence (left claw)
Wands
 j - a wand of digging (8/24)
 o - a wand of lightning (5/15)
 p - a wand of flame (21/48)
Scrolls
 c - a scroll of immolation
 e - a scroll of random uselessness {unknown}
 g - 3 scrolls of teleportation
 h - 4 scrolls of remove curse
 n - a scroll of magic mapping {unknown}
 q - 2 scrolls of amnesia {unknown}
Potions
 k - a potion of berserk rage
 s - a potion of magic
 t - 2 potions of heal wounds {unknown}
 u - a potion of flight
 v - a potion of haste {unknown}
Books
 m - a book of Ice

   Spells                             Type                      Level
   a - Ice Form                       Ice/Transmutation            4
   b - Metabolic Englaciation         Hexes/Ice                    5
   c - Ozocubu's Refrigeration        Ice                          6
   d - Bolt of Cold                   Conjuration/Ice              6
   e - Freezing Cloud                 Conjuration/Ice/Air          6
   f - Simulacrum                     Ice/Necromancy               6
Comestibles
 b - 3 bread rations
 d - 7 fruits
 f - 2 slices of pizza
 i - 5 meat rations
 r - 3 beef jerkies


   Skills:
 + Level 3.8 Fighting
 * Level 3.3 Maces & Flails
 * Level 1.0 Throwing
 + Level 5.7 Dodging
 + Level 1.8 Stealth
 - Level 4.0 Unarmed Combat


You had 6 spell levels left.
You didn't know any spells.

Dungeon Overview and Level Annotations

Branches:
Dungeon (5/15)
 Temple: D:4-7

Altars:
Xom
The Shining One


Innate Abilities, Weirdness & Mutations

You are too large for most types of armour.
You have claws for hands.
Your metabolism is lightning-fast.
You like to eat raw meat.
You heal very quickly.
You are covered in fur (AC +1).
You have very tough skin (AC +2).


Message History

The crimson imp hits you but does no damage.
You scratch the crimson imp.
The crimson imp is heavily wounded.
The centaur shoots an arrow.
The arrow closely misses you. The crimson imp hits you.
You miss the crimson imp.
The crimson imp is moderately wounded.
The centaur shoots an arrow.
The arrow hits you!
The centaur shoots an arrow.
The arrow closely misses you. The crimson imp hits you.
You claw the crimson imp!
You kill the crimson imp!
Unknown command.
Xom's power almost touches on you for a moment.
You feel slightly ill.
The centaur shoots an arrow.
The arrow hits you!
You see here an arrow.
The centaur shoots an arrow.
The arrow hits you!
* * * LOW HITPOINT WARNING * * *
The centaur shoots an arrow.
The arrow hits you!
You die...
Xom thinks this is hilarious!

#.....#..# #....
#.....#..# #....
#.....'..# #....
#.....#..# #....
#....(#..#######....
#.....#...#....#....
#...(.'...#....#....
#..(..#..##...##...>
#..@.<#..##...##....
#.....#...#.........
#.c...# .#.........
#.....# .#.........
#.....# #.........
#.....# ##########
#######


You could see a centaur.

Vanquished Creatures
  Sigmund (D:4)
  Purgy (D:4)
  Blork the orc (D:4)
  4 crimson imps
  2 centaur skeletons (D:4)
  An orc priest (D:4)
  Jessica (D:3)
  Ijyb (D:3)
  An orc wizard (D:4)
  2 worker ants (D:4)
  A hound skeleton (D:4)
  5 adders
  An ooze (D:3)
  3 worms
  3 giant geckos
  7 orcs
  2 giant cockroaches
  8 goblins
  6 hobgoblins
  10 jackals
  5 quokkas
  A ball python (D:2)
  10 bats
  4 giant newts
  9 kobolds
  8 rats
98 creatures vanquished.

Notes
Turn   | Place    | Note
--------------------------------------------------------------
     0 | D:1      | Oracle the Troll Monk began the quest for the Orb.
     0 | D:1      | Reached XP level 1. HP: 22/22 MP: 0/0
   161 | D:1      | Reached XP level 2. HP: 29/29 MP: 1/1
   799 | D:2      | Reached XP level 3. HP: 36/36 MP: 2/2
   870 | D:2      | Reached skill level 1 in Maces & Flails
  1351 | D:3      | Reached XP level 4. HP: 42/44 MP: 3/3
  1354 | D:3      | Noticed Ijyb
  1378 | D:3      | Killed Ijyb
  1590 | D:3      | Noticed Jessica
  1596 | D:3      | Killed Jessica
  1596 | D:3      | Reached XP level 5. HP: 52/52 MP: 4/4
  1991 | D:4      | Noticed Sigmund
  2001 | D:4      | Killed Sigmund
  2001 | D:4      | Reached XP level 6. HP: 51/61 MP: 5/5
  2094 | D:4      | Found a glowing golden altar of the Shining One.
  2099 | D:4      | Noticed Purgy
  2108 | D:4      | Killed Purgy
  2108 | D:4      | Reached skill level 5 in Dodging
  2243 | D:4      | Reached XP level 7. HP: 17/67 MP: 6/6
  2295 | D:4      | Noticed Blork the orc
  2401 | D:4      | Killed Blork the orc
  2683 | D:4      | Found a shimmering altar of Xom.
  2708 | D:4      | Reached skill level 1 in Throwing
  2806 | D:4      | Got a heavily runed scale mail
  2840 | D:4      | Became a worshipper of Xom of Chaos
  2860 | D:5      | Entered Level 5 of the Dungeon
  2966 | D:5      | XOM: potion effect (curing)
  2975 | D:5      | XOM: harmless Pois miscast
  2976 | D:5      | Shot with an arrow by a centaur

Vault maps used:
D:1:      dpeg_arrival_rooms_a
D:3:      first_bread, uniq_iyjb, uniq_jessica
D:4:      led_xom_imps, tso_metal_star, uniq_sigmund, uniq_blork_the_orc,
          uniq_purgy
D:5:      grunt_qazlal_clouds, temple_green, lemuel_blue_sif_altar

Action                   |  1- 3 |  4- 6 |  7- 9 || total
-------------------------+-------+-------+-------++-------
Melee: Unarmed           |    96 |   157 |    66 ||   319
Evoke: Wand              |       |       |     4 ||     4
  Use: Scroll            |       |     3 |     4 ||     7
       Potion            |       |     4 |       ||     4
 Stab: Sleeping          |     4 |     2 |       ||     6
  Eat: Chunk             |     9 |     9 |     8 ||    26
